 Dungeon Crawl Stone Soup version 0.15.2 (webtiles) character file.

29676 Heini the Bludgeoner (level 13, -7/125 HPs)
             Began as a Minotaur Fighter on Feb 28, 2015.
             Was the Champion of Okawaru.
             Mangled by a raiju (8 damage)
             ... on Level 1 of the Abyss.
             The game lasted 00:48:16 (19078 turns).

Heini the Bludgeoner (Minotaur Fighter)            Turns: 19078, Time: 00:48:17

HP  -7/125       AC 27     Str 28      XL: 13   Next: 16%
MP   1/1         EV  5     Int  5      God: Okawaru [******]
Gold 2416        SH 10     Dex 11      Spells:  0 memorised, 12 levels left

rFire  + . .     SeeInvis .     V - +1 demon whip (antimagic)
rCold  . . .     Clarity  .     W - +3 plate armour
rNeg   . . .     rCorr    .     c - +0 shield
rPois  .         rRot     .     D - +2 hat
rElec  .         Spirit   .     R - +1 cloak {+Inv}
SustAb .         Warding  .     l - +0 pair of gloves
rMut   .         Stasis   .     K - +0 pair of boots
Gourm  +                        P - amulet of the gourmand
MR     .....                    v - ring of protection from fire
                                u - +3 ring of strength

@: non-regenerating, diseased, not resistant to hostile enchantments, extremely
unstealthy
A: retaliatory headbutt, horns 2
a: Heroism, Finesse, Renounce Religion, Evoke Invisibility


You were on level 1 of the Abyss.
You worshipped Okawaru.
Okawaru was exalted by your worship.
You were very full.

You visited 3 branches of the dungeon, and saw 19 of its levels.
You visited the Abyss 1 time.

You collected 2806 gold pieces.
You spent 390 gold pieces at shops.

Inventory:

Hand weapons
 b - a +4 great mace of holy wrath
 y - a +1 morningstar of venom
 V - a +1 antimagic demon whip (weapon)
Armour
 c - a +0 shield (worn)
 l - a +0 pair of gloves (worn)
 D - a +2 hat (worn)
 K - a +0 pair of boots (worn)
 R - a +1 cloak of darkness (worn)
 W - a +3 plate armour (worn)
Magical devices
 f - a wand of digging (16)
 g - a wand of magic darts (9)
 o - a wand of random effects (8)
 q - a wand of cold (10)
 A - a wand of disintegration (9) {unknown}
 F - a wand of frost (6)
 Q - a wand of slowing (8)
 U - a wand of draining (2)
Comestibles
 a - 2 royal jellies
 d - 8 bread rations
 m - 7 meat rations
 G - 2 slices of pizza
 L - 2 beef jerkies
 M - 23 fruits
Scrolls
 h - a scroll of recharging
 j - 2 scrolls of teleportation
 n - 6 scrolls of amnesia
 w - a scroll of enchant armour
 x - 4 scrolls of blinking
 z - 3 scrolls of remove curse
 I - 2 scrolls of enchant weapon
 J - 6 scrolls of magic mapping
 T - 2 scrolls of vulnerability
 X - 2 scrolls of identify
 Y - a scroll of fog
Jewellery
 t - a cursed +1 ring of intelligence
 u - a +3 ring of strength (left hand)
 v - a ring of protection from fire (right hand)
 P - an amulet of the gourmand (around neck)
Potions
 e - 2 potions of brilliance
 i - 4 potions of magic
 k - 4 potions of curing
 p - 4 potions of agility
 r - 2 potions of confusion {unknown}
 s - a potion of invisibility
 B - a potion of flight
 E - a potion of degeneration {unknown}
 H - a potion of cancellation {unknown}
 N - 2 potions of restore abilities {unknown}
 S - a potion of berserk rage {unknown}
Books
 C - a book of the Tempests

   Spells                             Type                      Level
   Static Discharge                   Conjuration/Air              3
   Lightning Bolt                     Conjuration/Air              5
   Fireball                           Conjuration/Fire             5
   Tornado                            Air                          9
   Shatter                            Earth                        9
 O - a book of Enchantments

   Spells                             Type                      Level
   Tukima's Dance                     Hexes                        3
   Cause Fear                         Hexes                        4
   Silence                            Hexes/Air                    5
   Deflect Missiles                   Charms/Air                   6
   Haste                              Charms                       6
   Discord                            Hexes                        8


   Skills:
 * Level 14.5 Fighting
 * Level 17.0 Maces & Flails
 * Level 13.7 Armour
 - Level 3.6 Shields
 + Level 0.2 Evocations


You had 12 spell levels left.
You didn't know any spells.

Dungeon Overview and Level Annotations

Branches:
Dungeon (14/15)            Temple (1/1) D:4             Orc (4/4) D:10
    Elf (0/3) Orc:3          Lair (0/8) D:11
 Vaults: D:13-14

Altars:
Ashenzari
Cheibriados
Dithmenos
Elyvilon
Fedhas
Kikubaaqudgha
Makhleb
Nemelex Xobeh
Okawaru
Qazlal
Sif Muna
Trog
Vehumet
Xom
Yredelemnul
Zin
The Shining One

Shops:
D:7 =*(   D:8 [   D:9 :   D:10 =!%   Orc:4 %*:[

Portals:
Trove: D:12 (give book of the Earth)


Innate Abilities, Weirdness & Mutations

You reflexively headbutt those who attack you in melee.
You have a pair of horns on your head.


Message History

* * * LOW HITPOINT WARNING * * *
The bone dragon claws you but does no damage.
The bone dragon tramples you but does no damage.
You feel ill.
The raiju bursts into living lightning!
The living lightning hits you!
* * * LOW HITPOINT WARNING * * *
The raiju blinks!
A worldbinder comes into view.
You block the worldbinder's attack. The worldbinder hits you.
* * * LOW HITPOINT WARNING * * *
The raiju bites you but does no damage.
The worldbinder calls forth creatures from the Orcish Mines!
You thrash the raiju!!
You headbutt the raiju, but do no damage.
The raiju is severely wounded.
The raiju bites you.
* * * LOW HITPOINT WARNING * * *
The raiju shocks you!
You die...

.## ..# ##..## ##
# #. ####.#..### #
# #..##
........#.# # #
#..##.#..#..#. . #
#.#..x.......#....
# #####..#.#..## #
.# #D#..# #. # #
#@.#...# #.. X x
#xh...#.# .. #
#o..###..# #.
##... .#.# .#
...... #. ##.#
#..#### # ### # ..
# . #


You could see a bone dragon, an ancient zyme, a worldbinder, a raiju and an orc
priest.

Vanquished Creatures
  A stone giant (Orc:4)
  The ghost of ImaNewbie the Cleaver, a powerful DDFi of Makhleb (D:10)
  A hydra (D:13)
  A tengu warrior (D:13)
  A catoblepas (D:13)
  A large abomination (Abyss:1)
  An unseen horror (D:13)
  An ice statue (D:12)
  3 hill giants
  2 ugly things (D:12)
  A cyclops (D:12)
  4 orc knights
  An apocalypse crab (Abyss:1)
  Maurice (D:11)
  A gargoyle (D:13)
  2 kobold demonologists (D:11)
  A tengu conjurer (D:13)
  A guardian mummy (D:12)
  2 trolls
  5 two-headed ogres
  5 slime creatures (D:12)
  A hydra skeleton (D:11)
  2 ravens (D:13)
  A wraith (D:13)
  A shadow (D:13)
  A wyvern (D:9)
  3 deep elf magi
  11 yaks
  A steam dragon (D:9)
  A ynoxinul (Abyss:1)
  Eustachio (D:8)
  2 hippogriffs (D:8)
  A hill giant skeleton (D:10)
  2 wargs
  A small abomination (Abyss:1)
  3 sky beasts
  A black bear (D:12)
  Purgy (D:3)
  A necrophage (D:7)
  27 orc warriors
  13 ogres
  2 crocodiles
  3 big kobolds
  Duvessa (D:5)
  A manticore skeleton (D:9)
  2 phantoms (D:9)
  14 centaurs
  Blork the orc (D:7)
  10 giant frogs
  A gnoll sergeant (D:5)
  A wyvern skeleton (D:11)
  5 scorpions
  10 wights
  24 killer bees
  3 goliath beetles
  Dowan (D:5)
  9 crimson imps
  A centaur zombie (D:11)
  4 hounds
  20 orc priests
  2 jellies
  2 iguanas
  An iron imp (D:6)
  33 orc wizards
  A two-headed ogre skeleton (D:13)
  Natasha (D:6)
  A giant frog skeleton (D:4)
  11 worker ants
  A crocodile zombie (D:7)
  Ijyb (D:2)
  Jessica (D:3)
  A crocodile skeleton (D:10)
  An ogre skeleton (D:8)
  A mummy (D:13)
  A worker ant zombie (D:5)
  13 adders
  6 gnolls (D:5)
  An orc zombie (D:7)
  A giant mite (D:5)
  2 worms (D:3)
  11 shadow imps
  An ufetubus (D:8)
  An adder zombie (D:9)
  An iguana skeleton (D:11)
  An iguana zombie (D:7)
  5 giant geckos
  3 oozes
  210 orcs
  21 bats
  14 goblins
  19 hobgoblins
  3 jackals (D:6)
  26 kobolds
  4 quokkas
  4 giant cockroaches
  A giant gecko skeleton (D:4)
  10 giant newts
  A giant newt zombie (D:5)
  3 giant spores
  4 gnoll zombies (D:5)
  A jackal skeleton (D:4)
  A kobold zombie (D:7)
  21 rats
  A rat skeleton (D:4)
  8 ballistomycetes
682 creatures vanquished.

Vanquished Creatures (others)
  A giant frog (D:9)
  2 orc wizards (D:10)
  A worker ant (D:9)
  A giant spore (D:9)
5 creatures vanquished.

Grand Total: 687 creatures vanquished

Notes
Turn   | Place    | Note
--------------------------------------------------------------
     0 | D:1      | Heini, the Minotaur Fighter, began the quest for the Orb.
     0 | D:1      | Reached XP level 1. HP: 19/19 MP: 1/1
   118 | D:1      | Reached XP level 2. HP: 27/27 MP: 1/1
   131 | D:1      | Reached skill level 4 in Armour
   777 | D:1      | Reached XP level 3. HP: 33/33 MP: 2/2
  1048 | D:2      | Noticed Ijyb
  1062 | D:2      | Killed Ijyb
  1565 | D:3      | Reached XP level 4. HP: 36/41 MP: 2/2
  1579 | D:3      | Reached skill level 5 in Armour
  1694 | D:3      | Noticed Purgy
  1714 | D:3      | Killed Purgy
  1714 | D:3      | Reached skill level 5 in Fighting
  1714 | D:3      | Reached XP level 5. HP: 28/48 MP: 2/2
  1737 | D:3      | Noticed a centaur
  1741 | D:3      | Killed a centaur
  1741 | D:3      | Reached skill level 6 in Armour
  1771 | D:3      | Reached XP level 6. HP: 43/56 MP: 3/3
  1803 | D:3      | Noticed Jessica
  1808 | D:3      | Killed Jessica
  2016 | D:3      | Noticed an ogre
  2025 | D:3      | Killed an ogre
  2810 | D:4      | Reached skill level 7 in Armour
  2810 | D:4      | Reached XP level 7. HP: 60/63 MP: 3/3
  2843 | D:4      | Found a staircase to the Ecumenical Temple.
  2867 | D:4      | Reached skill level 5 in Maces & Flails
  3501 | D:5      | Entered Level 5 of the Dungeon
  3689 | Temple   | Entered the Ecumenical Temple
  3705 | Temple   | Became a worshipper of Warmaster Okawaru
  4011 | D:5      | Noticed Dowan
  4013 | D:5      | Noticed Duvessa
  4029 | D:5      | Killed Duvessa
  4029 | D:5      | Reached skill level 8 in Armour
  4031 | D:5      | Killed Dowan
  4320 | D:5      | Reached XP level 8. HP: 28/71 MP: 3/3
  5146 | D:6      | Noticed Natasha
  5160 | D:6      | Killed Natasha
  5187 | D:6      | Acquired Okawaru's first power
  5951 | D:7      | Found Eran's General Store.
  5966 | D:7      | Noticed Blork the orc
  5989 | D:7      | Killed Blork the orc
  5989 | D:7      | Reached skill level 9 in Armour
  6016 | D:7      | Reached XP level 9. HP: 72/81 MP: 4/4
  6185 | D:7      | Found Oragyog's Weapon Shoppe.
  6527 | D:7      | Found Doceaz's Jewellery Boutique.
  6873 | D:8      | Noticed Eustachio
  6889 | D:8      | Killed Eustachio
  6889 | D:8      | Reached skill level 10 in Maces & Flails
  7577 | D:8      | Found Cuarutar's Antique Armour Emporium.
  8198 | D:9      | Reached skill level 11 in Maces & Flails
  8198 | D:9      | Reached skill level 10 in Armour
  8336 | D:9      | Found Kussan's Book Shop.
  8480 | D:9      | Reached XP level 10. HP: 86/93 MP: 4/4
  8624 | D:9      | Reached skill level 10 in Fighting
  8960 | D:9      | Received a gift from Okawaru
  9234 | D:10     | Entered Level 10 of the Dungeon
  9234 | D:10     | Found Bluluaw's Distillery.
  9234 | D:10     | Noticed ImaNewbie's ghost (powerful DDFi)
  9254 | D:10     | Killed ImaNewbie's ghost
  9254 | D:10     | Reached skill level 12 in Maces & Flails
  9678 | D:10     | Found a staircase to the Orcish Mines.
 10100 | D:10     | Found Iguax's Food Shop.
 10674 | D:10     | Found Soumpoymn's Jewellery Shop.
 10678 | D:10     | Bought an uncursed amulet of the gourmand for 390 gold pieces
 10739 | D:11     | Acquired Okawaru's second power
 10739 | D:11     | Reached skill level 13 in Maces & Flails
 10756 | D:11     | Noticed an ice devil
 10767 | D:11     | Reached XP level 11. HP: 54/102 MP: 4/4
 11121 | D:11     | Noticed Maurice
 11137 | D:11     | Killed Maurice
 11153 | D:11     | Found a staircase to the Lair.
 11201 | D:11     | Noticed a hill giant
 11213 | D:11     | Killed a hill giant
 12366 | D:12     | Received a gift from Okawaru
 12366 | D:12     | Reached skill level 14 in Maces & Flails
 12472 | D:12     | Noticed an ice statue
 12487 | D:12     | Killed an ice statue
 13137 | D:12     | HP: 2/105 [white ugly thing (33)]
 13466 | D:12     | Noticed a hill giant
 13486 | D:12     | Killed a hill giant
 13609 | D:12     | Reached skill level 15 in Maces & Flails
 13617 | D:12     | Found a portal to a secret trove of treasure.
 13841 | D:13     | Reached XP level 12. HP: 89/113 MP: 5/5
 13964 | D:13     | Noticed a catoblepas
 13994 | D:13     | Killed a catoblepas
 14043 | D:13     | Noticed a tengu warrior
 14056 | D:13     | Killed an unseen horror
 14056 | D:13     | Received a gift from Okawaru
 14056 | D:13     | HP: 5/115 [raven[a tengu conjurer] (7)]
 14705 | D:13     | Killed a tengu warrior
 15022 | D:13     | Noticed a hill giant
 15030 | D:13     | Killed a hill giant
 15086 | D:14     | Noticed a four-headed hydra
 15089 | D:14     | Noticed a centaur warrior
 15098 | D:13     | Killed a four-headed hydra
 15098 | D:13     | Received a gift from Okawaru
 15141 | D:13     | Reached skill level 16 in Maces & Flails
 15233 | Orc:1    | Entered Level 1 of the Orcish Mines
 17066 | Orc:1    | Received a gift from Okawaru
 18064 | Orc:4    | Entered Level 4 of the Orcish Mines
 18077 | Orc:4    | Noticed a stone giant
 18097 | Orc:4    | Killed a stone giant
 18097 | Orc:4    | Reached XP level 13. HP: 59/124 MP: 1/5
 18269 | Orc:3    | Found a staircase to the Elven Halls.
 18756 | Orc:4    | Noticed an ogre mage
 18756 | Orc:4    | Noticed an ogre mage
 18756 | Orc:4    | Found Kleesk's Food Boutique.
 18756 | Orc:4    | Found Bisix's Book Emporium.
 18756 | Orc:4    | Noticed an ogre mage
 18756 | Orc:4    | Noticed an ogre mage
 18757 | Orc:4    | Found Anotziuc's General Store.
 18757 | Orc:4    | Found Miumiup's Antique Armour Shop.
 18790 | Orc:3    | Cast into the Abyss (ogre mage)
 18815 | Abyss:1  | Noticed a starcursed mass
 18946 | Abyss:1  | Found a corrupted altar of Lugonu.
 19018 | Abyss:1  | Noticed a bone dragon
 19034 | Abyss:1  | Reached skill level 17 in Maces & Flails
 19077 | Abyss:1  | HP: 4/125 [worldbinder (4)]
 19078 | Abyss:1  | HP: 1/125 [raiju (3)]
 19078 | Abyss:1  | Mangled by a raiju

Action                   |  1- 3 |  4- 6 |  7- 9 | 10-12 | 13-15 || total
-------------------------+-------+-------+-------+-------+-------++-------
Melee: Flail             |   134 |   108 |    23 |       |       ||   265
       Morningstar       |       |       |   371 |   688 |       ||  1059
       Demon whip        |       |       |       |   431 |   150 ||   581
Evoke: Wand              |       |       |     2 |     1 |       ||     3
  Use: Potion            |       |     1 |     1 |     1 |       ||     3
       Scroll            |       |    12 |     9 |     6 |       ||    27
 Stab: Distracted        |       |       |     1 |       |       ||     1
  Eat: Chunk             |     2 |     3 |    17 |    41 |     2 ||    65
       Beef jerky        |       |     1 |       |       |       ||     1
       Fruit             |       |       |     1 |       |       ||     1
